 Dungeon Crawl Stone Soup version 0.17-a0-1996-gd2c0ec8 (webtiles) character file.

335600 4thArraOfDagon the Impregnable (level 20, -1/187 HPs)
             Began as a Minotaur Berserker on Oct 6, 2015.
             Was an Elder of Zin.
             Killed from afar by a shadow dragon (24 damage)
             ... with a bolt of negative energy
             ... on level 5 of the Vaults on Oct 7, 2015.
             The game lasted 01:57:20 (16449 turns).

4thArraOfDagon the Impregnable (MiBe)              Turns: 16449, Time: 01:57:20

Health: -1/187     AC: 28    Str: 42    XL:     20   Next: 15%
Magic:  24/24      EV: 10    Int: 17    God:    Zin [****..]
Gold:   201        SH: 18    Dex: 17    Spells: 1 memorised, 23 levels left

rFire  + + .     SeeInvis +     I - +10 eveningstar of Dishonour {crush, rPois rF++ Str+4}
rCold  + + +     Clarity  .     d - +4 chain mail of Reatall {Regen+ Str+3 Int+3 Stlth-}
rNeg   . . .     SustAt   .     J - +2 shield {AC+3}
rPois  ∞         Gourm    .     U - +0 hat "Cyddoet" {rElec rC+ Int+7}
rElec  +         Spirit   .     z - +2 cloak {rPois}
rCorr  .         Warding  .     P - +1 pair of gloves of the Assorted Wonders {*Corrode rC+++ Int-3 SInv}
rMut   .         Stasis   .     x - +2 pair of boots {Fly}
MR     +....                    O - amulet of regeneration
Stlth  ..........               (no ring)
                                y - ring of Cuqympau {+Inv Str+7}

@: vitalised, corroded equipment, slowed, heavily drained, very slow, somewhat
resistant to hostile enchantments, extremely unstealthy
A: retaliatory headbutt, horns 2, blurry vision 1, deterioration 1, dopey 1, low
mp 1
a: Donate Gold, Recite, Vitalisation, Imprison, Renounce Religion, Evoke
Invisibility, Evoke Flight
}: 4/15 runes: decaying, slimy, abyssal, gossamer


You were on level 5 of the Vaults.
You worshipped Zin.
Zin was greatly pleased with you.
You were not hungry.

You visited 8 branches of the dungeon, and saw 47 of its levels.
You visited the Abyss 2 times.
You visited 2 bazaars.
You also visited: Labyrinth, Ossuary and Volcano.

You collected 3334 gold pieces.
You spent 1756 gold pieces at shops.
You donated 1377 gold pieces to Zin.

Inventory:

Hand Weapons
 I - the +10 eveningstar of Dishonour (weapon) {crush, rPois rF++ Str+4}
   (You bought it in a shop in a bazaar)

   It inflicts extra damage upon your enemies.
   It affects your strength (+4).
   It greatly protects you from fire.
   It protects you from poison.
Armour
 d - the +4 chain mail of Reatall (worn) {Regen+ Str+3 Int+3 Stlth-}
   (You found it on level 6 of the Pits of Slime)

   It affects your strength (+3).
   It affects your intelligence (+3).
   It increases your rate of regeneration.
   It makes you less stealthy.
 x - a +2 pair of boots of flying (worn)
 z - a +2 cloak of poison resistance (worn)
 J - a +2 shield of protection (worn)
 P - the +1 pair of gloves of the Assorted Wonders (worn) {*Corrode rC+++ Int-3 SInv}
   (You found it in a labyrinth)

   It affects your intelligence (-3).
   It renders you almost immune to cold.
   It lets you see invisible.
   It may corrode your equipment when you take damage.
 U - the +0 hat "Cyddoet" (worn) {rElec rC+ Int+7}
   (You found it in a labyrinth)

   It affects your intelligence (+7).
   It protects you from cold.
   It insulates you from electricity.
Rods
 k - a +5 iron rod (13/13)
   (You found it on level 6 of the Pits of Slime)
 V - a +4 rod of inaccuracy (11/11)
   (You found it on level 2 of the Abyss)
Jewellery
 e - an uncursed amulet of resist mutation
 s - an uncursed ring of teleportation
 v - an uncursed amulet of warding
 y - the ring of Cuqympau (left hand) {+Inv Str+7}
   (You found it on level 6 of the Pits of Slime)

   [ring of invisibility]

   It affects your strength (+7).
   It lets you turn invisible.
 G - an uncursed ring of sustain attributes
 M - an uncursed amulet of rage
 N - an uncursed ring of flight
 O - an amulet of regeneration (around neck)
Wands
 o - a wand of digging (12)
 F - a wand of disintegration (13)
 W - a wand of fire (2)
Scrolls
 a - a scroll of fear
 c - 2 scrolls of enchant armour
 f - 7 scrolls of remove curse
 i - 2 scrolls of recharging
 j - 3 scrolls of identify
 q - a scroll of holy word
 w - 2 scrolls of fog
 Q - 2 scrolls of teleportation
 R - 2 scrolls of blinking
Potions
 b - 2 potions of berserk rage
 g - 5 potions of ambrosia
 h - 9 potions of curing
 m - 5 potions of might
 p - 2 potions of resistance
 t - a potion of cancellation
 u - a potion of haste
 A - 5 potions of agility
 B - 3 potions of brilliance
 T - 6 potions of magic
 Z - 4 potions of invisibility
Miscellaneous
 C - a phial of floods
 Y - a phantom mirror
Comestibles
 l - 8 meat rations
 E - 10 bread rations


   Skills:
 - Level 18.0(16.3) Fighting
   Level 16.1(16.2) Axes
 - Level 14.2(15.3) Maces & Flails
 - Level 21.0(19.1) Armour
 - Level 2.1(1.0) Dodging
 - Level 16.0(14.3) Shields
 + Level 5.3(4.0) Spellcasting
 * Level 4.4(3.1) Charms
 * Level 11.8(10.2) Invocations
 - Level 7.4(6.0) Evocations


You had 23 spell levels left.
You knew the following spells:

 Your Spells              Type           Power        Failure   Level  Hunger
a - Haste                 Chrm           ##......     100%        6    #######


Dungeon Overview and Level Annotations

Branches:
Dungeon (15/15)            Temple (1/1) D:7            Lair (8/8) D:8
  Swamp (4/4) Lair:3       Spider (4/4) Lair:6        Slime (6/6) Lair:6
    Orc (4/4) D:9             Elf (0/3) Orc:3        Vaults (5/5) D:14
  Crypt: Vaults:2-3  Depths: D:15

Altars:
Ashenzari
Dithmenos
Elyvilon
Gozag
Makhleb
Nemelex Xobeh
Qazlal
Ru
Sif Muna
Vehumet
Xom
Yredelemnul
Zin
Beogh
Jiyva

Shops:
D:6 %   D:7 !   Orc:2 *   Orc:4 [*(=   Vaults:2 [

Portals:
Trove: D:14 (give horn of Geryon)

Annotations:
Vaults:3 Jory
Vaults:4 exclusion: upstairs


Innate Abilities, Weirdness & Mutations

You reflexively headbutt those who attack you in melee.
You have a pair of horns on your head.
Scrolls take you a little longer to read.
Your body sometimes deteriorates upon taking damage.
You are dopey. (Int -2)
Your magical capacity is low (-10% MP).


Message History

Unknown command.
Use which ability?
Okay, then.
Drink which item? (? for menu, Esc to quit)
You feel much better. You block the vault warden's attack.
The shadow dragon bites you but does no damage.
The shadow dragon claws you!
* * * LOW HITPOINT WARNING * * *
You block the shadow dragon's attack.
The shadow dragon bites you but does no damage.
The shadow dragon claws you but does no damage.
The shadow dragon misses you.
Unknown command.
Read which item? (? for menu, Esc to quit)
Really read with blurry vision while enemies are nearby?
You block the vault warden's attack.
You begin reading the scroll.
You continue reading the scroll.
The shadow dragon breathes negative energy at you.
The bolt of negative energy hits you!
You feel drained.
You die...

#################
..........D.....#
.........@p.....#
############....#
...........#
...####.#..#
#.#..# #.# .# ..#
.# ..# # #.#


You could see a shadow dragon and a vault warden.

Vanquished Creatures
  the royal jelly (Slime:6)
  A bone dragon (Abyss:5)
  2 liches
  A tentacled monstrosity (Vaults:5)
  A quicksilver dragon (Vaults:4)
  7 tentacled starspawn
  12 acid blobs
  3 sphinxes
  Gastronok (Lair:1)
  The ghost of PeterLawrence the Warrior, an experienced MiFi of Okawaru (Spider:1)
  The ghost of Meriados the Covert, an experienced HuWn of Dithmenos (Swamp:3)
  Frances (D:13)
  A storm dragon (Vaults:5)
  4 tengu reavers
  10 azure jellies
  Donald (Orc:4)
  7 vault wardens
  Maud (D:13)
  Aizul (Swamp:3)
  Louise (Spider:3)
  A cacodemon (Abyss:5)
  An orc warlord (Orc:4)
  6 emperor scorpions (Spider:4)
  2 frost giants (Vaults:5)
  4 ghost moths
  7 ironheart preservers
  10 stone giants
  A war gargoyle (Vaults:4)
  4 very ugly things
  An eidolon (Abyss:2)
  A salamander stormcaller (Vaults:4)
  10 death oozes
  2 green deaths (Swamp:4)
  A blizzard demon (Abyss:5)
  Snorg (Orc:3)
  A minotaur (Lab)
  26 vault guards
  4 yaktaur captains
  Erolcha (D:8)
  3 ettins
  4 great orbs of eyes (Slime:6)
  Josephine (Orc:3)
  The ghost of brucemayne the Bludgeoner, a journeyman TrHu of Trog (D:11)
  A rakshasa (Abyss:5)
  Fannar (Orc:2)
  9 hydras
  The ghost of PeterLawrence the Basher, a journeyman MiFi of Okawaru (Lair:1)
  An entropy weaver (Spider:3)
  A hell beast (Swamp:4)
  2 centaur warriors
  4 alligators
  5 ogre magi
  3 death yaks (Lair:8)
  An orc high priest (Orc:4)
  4 thrashing horrors
  Urug (D:11)
  2 fire crabs
  Sonja (Lair:1)
  Nergalle (Orc:4)
  An iron troll (Vaults:4)
  5 skeletal warriors
  3 wretched stars
  A fire crab (shapeshifter) (Vaults:4)
  2 spatial maelstroms (Abyss:2)
  2 spriggan druids
  2 giant orange brains
  6 deep trolls
  9 starcursed masses
  A flayed ghost (Vaults:4)
  A wizard (D:14)
  7 swamp dragons
  A deep elf summoner (Orc:4)
  3 ironbrand convokers
  Pikel (D:9)
  5 hill giants
  A shambling mangrove (Swamp:1)
  10 orb spiders
  12 orc knights
  3 phantasmal warriors
  2 griffons
  19 wolf spiders
  4 orc sorcerers
  8 hornets
  4 cyclopes
  A faun (shapeshifter) (Vaults:4)
  3 shining eyes
  14 ugly things
  A manticore (Lair:6)
  2 vault sentinels (Vaults:4)
  6 smoke demons
  A centaur zombie (D:14)
  Maurice (Orc:2)
  5 black mambas
  A toenail golem (Volcano)
  2 apocalypse crabs (Abyss:5)
  3 elephants (Lair:8)
  A torpor snail (Spider:3)
  15 spiny frogs
  Psyche (D:8)
  3 orange demons
  An eye of devastation (Slime:5)
  4 gargoyles
  A tormentor (Abyss:2)
  18 yaktaurs
  8 demonic crawlers
  A kobold demonologist (D:14)
  7 fire drakes
  An efreet (Abyss:1)
  4 ancient zymes
  5 komodo dragons
  24 large abominations
  5 giant leeches (Swamp:4)
  3 freezing wraiths (Vaults:4)
  9 trolls
  10 jumping spiders
  4 polar bears
  47 slime creatures
  8 raiju
  15 blink frogs
  A wind drake (shapeshifter) (Vaults:3)
  2 two-headed ogres (Vaults:4)
  4 boulder beetles
  9 bog bodies
  11 trapdoor spiders
  12 tarantellas
  3 shadows
  20 humans (D:14)
  9 small abominations
  A deep elf mage (Orc:4)
  A snapping turtle (shapeshifter) (Vaults:4)
  3 ynoxinuls (Abyss:5)
  2 chaos spawn
  4 spriggans
  A fire bat (Abyss:1)
  3 deep elf fighters (Orc:4)
  28 redbacks
  6 wyverns
  A golden eye (Slime:6)
  3 wraiths
  A water elemental (D:14)
  20 yaks
  10 hippogriffs
  A tarantella (shapeshifter) (Vaults:4)
  6 hungry ghosts
  20 vampire mosquitoes
  8 basilisks
  A steam dragon (D:10)
  A fire elemental (Volcano)
  7 wolves
  5 neqoxecs
  2 soldier ants
  9 swamp worms
  11 insubstantial wisps
  5 porcupines
  4 hell hounds
  3 mottled dragons
  9 water moccasins
  20 wargs
  An ettin simulacrum (Vaults:2)
  A sky beast (D:8)
  10 spiders
  34 orc warriors
  8 black bears
  8 wasps
  A swamp drake (Swamp:3)
  5 eyes of draining
  31 ogres
  A snapping turtle skeleton (Abyss:5)
  10 crocodiles
  2 boggarts (Vaults:2)
  3 big kobolds
  A gnoll sergeant (D:10)
  9 giant frogs
  An earth elemental (Lab)
  A scorpion (D:8)
  A troll zombie (D:9)
  4 wights (D:11)
  2 electric eels (Lair:7)
  A wasp zombie (D:11)
  A crimson imp (D:5)
  20 orc priests
  3 lava snakes (Lair:8)
  14 jellies
  2 quasits
  A hound (D:7)
  A centaur skeleton (D:8)
  8 iguanas
  31 orc wizards
  2 giant frog skeletons
  3 worker ants
  19 sheep
  A big kobold zombie (Ossuary)
  5 ogre zombies (D:9)
  8 mummies (Ossuary)
  5 adders
  3 gnolls (D:10)
  15 river rats
  2 shadow imps
  2 adder zombies
  A worm (Spider:1)
  2 giant geckos
  170 orcs
  2 bats
  2 hobgoblins
  8 jackals
  2 giant cockroaches
  A giant gecko zombie (D:8)
  6 giant newts
  A gnoll zombie (Ossuary)
  A goblin skeleton (D:9)
  3 hobgoblin zombies
  15 kobolds
  3 kobold zombies (Ossuary)
  4 orc skeletons (D:9)
  7 orc zombies
  2 quokkas
  A quokka skeleton (D:6)
  2 rats (D:2)
  A fire vortex (Vaults:4)
1319 creatures vanquished.

Vanquished Creatures (collateral kills)
  Wiglaf (Spider:2)
  2 entropy weavers
  A wretched star (Abyss:5)
  An orc knight (Orc:4)
  6 orb spiders
  A wolf spider (Spider:4)
  A worldbinder (Abyss:2)
  A jumping spider (Spider:3)
  3 redbacks
  7 deep elf fighters (Orc:4)
  3 wraiths (Orc:3)
  A neqoxec (Abyss:5)
  An orc warrior (Orc:4)
  An ogre (Orc:4)
  2 orc priests (Orc:4)
  6 orc wizards
  5 orcs
43 creatures vanquished.

Vanquished Creatures (others)
  A redback (Spider:3)
  A wasp (Spider:4)
  A swamp drake (Swamp:1)
  A jelly (Slime:5)
  2 orc wizards
  4 river rats (Lair:6)
  A giant gecko (D:9)
  2 orcs
  A goblin zombie (D:9)
  A fire vortex (Vaults:4)
  14 fungi
  A lurking horror (Abyss:5)
  2 plants
  19 starspawn tentacles
  162 starspawn tentacle segments
213 creatures vanquished.

Grand Total: 1575 creatures vanquished

Notes
Turn   | Place    | Note
--------------------------------------------------------------
     0 | D:1      | 4thArraOfDagon the Minotaur Berserker began the quest for the Orb.
     0 | D:1      | Reached XP level 1. HP: 19/19 MP: 0/0
    46 | D:2      | Found a deep blue altar of Sif Muna.
   102 | D:1      | Reached skill level 4 in Axes
   104 | D:1      | Reached XP level 2. HP: 6/27 MP: 1/1
   139 | D:2      | Found a stormy altar of Qazlal.
   181 | D:2      | Found a faded altar to an unknown god.
   331 | D:3      | Found an opulent altar of Gozag.
   366 | D:2      | Acquired Trog's second power
   366 | D:2      | Reached XP level 3. HP: 22/33 MP: 2/2
   380 | D:2      | Found a shadowy altar of Dithmenos.
   502 | D:4      | Noticed an ogre
   507 | D:4      | Killed an ogre
   507 | D:4      | Reached skill level 5 in Axes
   507 | D:4      | Reached XP level 4. HP: 41/41 MP: 3/3
   514 | D:4      | Reached XP level 5. HP: 47/47 MP: 4/4
   548 | D:4      | You fall through a shaft for 2 floors!
   596 | D:6      | Noticed an ogre
   600 | D:6      | Killed an ogre
   600 | D:6      | Reached skill level 5 in Fighting
   600 | D:6      | Reached skill level 6 in Axes
   600 | D:6      | Reached XP level 6. HP: 56/56 MP: 5/5
   783 | D:6      | Found a sand-covered staircase.
   797 | Ossuary  | Entered an ossuary
   814 | Ossuary  | Reached skill level 7 in Axes
   886 | Ossuary  | Reached XP level 7. HP: 61/61 MP: 6/6
  1017 | D:5      | Entered Level 5 of the Dungeon
  1045 | D:5      | Reached skill level 5 in Armour
  1097 | D:6      | Found a burning altar of Makhleb.
  1098 | D:6      | Noticed a necrophage
  1137 | D:6      | Found a basalt altar of Yredelemnul.
  1167 | D:6      | Found Qiru's Food Emporium.
  1192 | D:7      | Reached skill level 8 in Axes
  1194 | D:7      | Reached XP level 8. HP: 26/71 MP: 7/7
  1198 | D:7      | Reached skill level 9 in Axes
  1198 | D:7      | HP: 4/106 [warg (5)]
  1270 | D:7      | Reached skill level 10 in Axes
  1348 | D:7      | Found Eklyjam Emm's Distillery.
  1361 | D:7      | Bought a potion of mutation for 40 gold pieces
  1361 | D:7      | Bought a potion of heal wounds for 80 gold pieces
  1361 | D:7      | Bought a potion of curing for 48 gold pieces
  1361 | D:7      | Bought a potion of agility for 64 gold pieces
  1361 | D:7      | Bought a potion of heal wounds for 80 gold pieces
  1361 | D:7      | Bought a potion of brilliance for 64 gold pieces
  1361 | D:7      | Bought a potion of degeneration for 16 gold pieces
  1388 | D:7      | Reached XP level 9. HP: 45/81 MP: 8/8
  1438 | D:7      | Found a staircase to the Ecumenical Temple.
  1490 | D:7      | Reached skill level 11 in Axes
  1610 | D:7      | HP: 4/81 [orc warrior/long sword (11)]
  1711 | D:7      | Noticed an orc sorcerer
  1720 | D:7      | Killed an orc sorcerer
  1729 | D:7      | Reached skill level 12 in Axes
  1750 | D:7      | Noticed an orc knight
  1786 | D:7      | Killed an orc knight
  1876 | D:7      | Reached XP level 10. HP: 88/91 MP: 9/9
  2212 | D:9      | Found a radiant altar of Vehumet.
  2234 | D:9      | Noticed Pikel
  2237 | D:9      | Killed Pikel
  2237 | D:9      | Reached skill level 13 in Axes
  2280 | D:9      | Found a staircase to the Orcish Mines.
  2290 | D:9      | Reached skill level 10 in Fighting
  2361 | Orc:1    | Entered Level 1 of the Orcish Mines
  2453 | Orc:1    | Reached skill level 10 in Armour
  2507 | Orc:2    | Noticed Maurice
  2513 | Orc:2    | Noticed Fannar
  2517 | Orc:2    | Killed Maurice
  2517 | Orc:2    | Acquired Trog's third power
  2580 | Orc:2    | Reached skill level 14 in Axes
  2581 | Orc:2    | Killed Fannar
  2581 | Orc:2    | Reached XP level 11. HP: 101/101 MP: 10/10
  2772 | Orc:3    | Noticed Snorg
  2785 | Orc:3    | Killed Snorg
  2799 | Orc:3    | Noticed Josephine
  2822 | Orc:3    | Killed Josephine
  2864 | Orc:3    | Found a roughly hewn altar of Beogh.
  2977 | Orc:3    | Reached skill level 15 in Axes
  3013 | Orc:3    | Found a staircase to the Elven Halls.
  3084 | Orc:2    | Found Qaugar's Assorted Antiques.
  3124 | Orc:2    | Bought a curved lead wand for 92 gold pieces
  3124 | Orc:2    | Bought a glowing sapphire potion for 20 gold pieces
  3124 | Orc:2    | Bought a scroll labeled PITOUN XABRAF for 23 gold pieces
  3124 | Orc:2    | Bought a scroll labeled SEPREO IMAO for 23 gold pieces
  3217 | Orc:4    | Entered Level 4 of the Orcish Mines
  3250 | Orc:4    | Noticed Donald
  3257 | Orc:4    | Killed Donald
  3318 | Orc:4    | Noticed a deep elf summoner
  3324 | Orc:4    | Received a gift from Trog
  3326 | Orc:4    | Killed a deep elf summoner
  3347 | Orc:4    | Reached skill level 16 in Axes
  3427 | Orc:4    | Found a flickering gateway to a bazaar.
  3443 | Bazaar   | Entered a bazaar
  3457 | Bazaar   | Found Teghorph's Antique Weapon Emporium.
  3487 | Bazaar   | Found Xuloops's Antique Weapon Shoppe.
  3487 | Bazaar   | Found Jonitrel's Distillery.
  3544 | Bazaar   | Bought an iridescent eveningstar for 440 gold pieces
  3544 | Bazaar   | Identified the +10 eveningstar of Dishonour {crush, rPois rF++ Str+4} (You bought it in a shop in a bazaar)
  3571 | Bazaar   | Bought a potion of heal wounds for 70 gold pieces
  3571 | Bazaar   | Bought a potion of haste for 140 gold pieces
  3571 | Bazaar   | Bought a potion of heal wounds for 70 gold pieces
  3571 | Bazaar   | Bought a potion of lignification for 42 gold pieces
  3683 | Orc:4    | Reached skill level 1 in Maces & Flails
  3747 | Orc:4    | Noticed an orc warlord
  3762 | Orc:4    | Killed an orc warlord
  3762 | Orc:4    | Reached XP level 12. HP: 110/110 MP: 11/11
  3816 | Orc:4    | Noticed an orc high priest
  3831 | Orc:4    | Killed an orc high priest
  3831 | Orc:4    | Reached skill level 5 in Maces & Flails
  3874 | Orc:4    | Noticed Nergalle
  3885 | Orc:4    | Killed Nergalle
  3895 | Orc:4    | Found a roughly hewn altar of Beogh.
  3948 | Orc:4    | Found Ygget's Antique Weapon Shop.
  3964 | Orc:4    | Found Atzoikk's Antique Armour Shop.
  3981 | Orc:4    | Found Wahal's General Store.
  4004 | Orc:4    | Found Xyew's Jewellery Shop.
  4036 | Orc:4    | Bought a shiny shield for 130 gold pieces
  4154 | Orc:4    | Bought a runed cloak for 130 gold pieces
  4168 | Orc:4    | Upgraded the game from 0.17-a0-1987-gaf5a542 to 0.17-a0-1996-gd2c0ec8
  4261 | D:10     | Entered Level 10 of the Dungeon
  4339 | D:10     | Reached skill level 1 in Shields
  4599 | D:10     | Reached skill level 1 in Evocations
  4676 | D:11     | Noticed Urug
  4694 | D:11     | Noticed brucemayne's ghost (journeyman TrHu)
  4704 | D:11     | Killed Urug
  4712 | D:11     | Killed brucemayne's ghost
  4769 | D:11     | Found a labyrinth entrance.
  4777 | Lab      | Entered a labyrinth
  4905 | Lab      | Got a pair of twisted gloves
  4911 | Lab      | Identified the +1 pair of gloves of the Assorted Wonders {*Corrode rC+++ Int-3 SInv} (You found it in a labyrinth)
  5214 | Lab      | Noticed a minotaur
  5221 | Lab      | Killed a minotaur
  5224 | Lab      | Got a brightly glowing eveningstar
  5224 | Lab      | Got an ancient hat
  5230 | Lab      | Identified the +0 hat "Cyddoet" {rElec rC+ Int+7} (You found it in a labyrinth)
  5237 | Lab      | Identified the +1 eveningstar "Duptueso" {flame, Dex+4} (You found it in a labyrinth)
  5434 | D:11     | Reached skill level 5 in Shields
  5733 | D:8      | Noticed Psyche
  5739 | D:8      | Cast into the Abyss (Psyche)
  5916 | Abyss:1  | Reached XP level 13. HP: 109/116 MP: 14/14
  5918 | Abyss:1  | Found a viscous altar of Jiyva.
  6024 | Abyss:2  | Found a corrupted altar of Lugonu.
  6090 | Abyss:2  | Reached skill level 10 in Maces & Flails
  6114 | Abyss:2  | Noticed a tentacled starspawn
  6120 | Abyss:2  | Killed a tentacled starspawn
  6139 | Abyss:2  | Noticed a tentacled starspawn
  6163 | Abyss:2  | Killed a tentacled starspawn
  6193 | Abyss:2  | Noticed a starcursed mass
  6202 | Abyss:2  | Killed a starcursed mass
  6206 | Abyss:2  | Killed a starcursed mass
  6279 | Abyss:2  | Noticed a white very ugly thing
  6287 | Abyss:2  | Killed a white very ugly thing
  6304 | Abyss:2  | Noticed a tentacled starspawn
  6321 | Abyss:2  | Killed a tentacled starspawn
  6369 | Abyss:2  | Noticed a lich
  6379 | Abyss:2  | Killed a lich
  6402 | Abyss:2  | Identified a +4 rod of inaccuracy (11/11) (You found it on level 2 of the Abyss)
  6437 | Abyss:2  | Found a corrupted altar of Lugonu.
  6469 | Abyss:2  | Reached XP level 14. HP: 76/124 MP: 16/16
  6590 | Abyss:5  | Entered Level 5 of the Abyss
  6629 | Abyss:5  | Noticed a tentacled starspawn
  6642 | Abyss:5  | Noticed a tentacled starspawn
  6646 | Abyss:5  | Killed a tentacled starspawn
  6646 | Abyss:5  | Reached skill level 10 in Shields
  6653 | Abyss:5  | Killed a tentacled starspawn
  6653 | Abyss:5  | Reached skill level 5 in Evocations
  6654 | Abyss:5  | Noticed a tentacled starspawn
  6659 | Abyss:5  | Killed a tentacled starspawn
  6738 | Abyss:5  | Noticed a lich
  6738 | Abyss:5  | Noticed a lich
  6739 | Abyss:5  | Noticed a Brimstone Fiend
  6743 | Abyss:5  | Gained mutation: Your body sometimes deteriorates upon taking damage. [a neqoxec]
  6756 | Abyss:5  | Gained mutation: You are dopey. (Int -2) [a neqoxec]
  6816 | Abyss:5  | Noticed a Hell Sentinel
  6820 | Abyss:5  | Killed a lich
  6850 | Abyss:5  | Noticed a tentacled starspawn
  6859 | Abyss:5  | Killed a tentacled starspawn
  6912 | Abyss:5  | Noticed a tentacled starspawn
  6936 | Abyss:5  | Got an abyssal rune of Zot
  7265 | Abyss:5  | Noticed a bone dragon
  7283 | Abyss:5  | Killed a bone dragon
  7311 | Abyss:5  | Noticed a cacodemon
  7315 | Abyss:5  | Gained mutation: Scrolls take you a little longer to read. [a cacodemon]
  7324 | Abyss:5  | Killed a cacodemon
  7449 | Abyss:5  | Lost intelligence.
  7458 | D:8      | Escaped the Abyss
  7466 | D:8      | Noticed Erolcha
  7471 | D:8      | Killed Erolcha
  7471 | D:8      | Reached XP level 15. HP: 89/104 MP: 18/18
  7500 | D:8      | Killed Psyche
  7579 | D:8      | Found a staircase to the Lair.
  7588 | Lair:1   | Entered Level 1 of the Lair of Beasts
  7631 | Lair:1   | Found a dark tunnel.
  7640 | Volcano  | Entered a volcano
  7722 | Lair:1   | Noticed PeterLawrence's ghost (journeyman MiFi)
  7732 | Lair:1   | Killed PeterLawrence's ghost
  7863 | Lair:1   | Noticed Gastronok
  7872 | Lair:1   | Killed Gastronok
  8071 | Lair:4   | Reached skill level 15 in Armour
  8137 | Lair:5   | Found a shimmering altar of Xom.
  8455 | Lair:8   | Entered Level 8 of the Lair of Beasts
  8606 | Lair:8   | Got a pair of encrusted gloves
  8750 | Lair:8   | Received a gift from Trog
  9147 | Lair:4   | SAD
  9210 | Lair:3   | Found a staircase to the Swamp.
  9230 | Swamp:1  | Entered Level 1 of the Swamp
  9346 | Swamp:2  | Identified the cursed +0 pair of gloves "Rizuw" {rElec rF++ MR- Dex+2} (You found it on level 8 of the Lair of Beasts)
  9417 | Swamp:3  | Noticed Meriados's ghost (experienced HuWn)
  9443 | Swamp:3  | Killed Meriados's ghost
  9455 | Swamp:3  | Reached skill level 15 in Shields
  9640 | Swamp:3  | Noticed Aizul
  9671 | Swamp:3  | Killed Aizul
  9671 | Swamp:3  | Received a gift from Trog
  9671 | Swamp:3  | Reached XP level 16. HP: 74/138 MP: 20/20
  9716 | Swamp:4  | Entered Level 4 of the Swamp
  9886 | Swamp:4  | Got a faintly humming scale mail
  9897 | Swamp:4  | Identified the +3 scale mail of Foiburetu {Str+2} (You found it on level 4 of the Swamp)
  9961 | Swamp:4  | Received a gift from Trog
 10181 | Swamp:4  | Reached skill level 17 in Armour
 10247 | Swamp:4  | Got a brightly glowing chain mail
 10283 | Swamp:4  | Got a decaying rune of Zot
 10297 | Swamp:4  | Identified the cursed +1 chain mail of Grace {-Cast rF+ Regen+ Dex+2} (You found it on level 4 of the Swamp)
 10753 | Lair:6   | Received a gift from Trog
 10819 | Lair:6   | Found a viscous altar of Jiyva.
 10819 | Lair:6   | Found a staircase to the Slime Pits.
 10859 | Lair:6   | Found a hole to the Spider Nest.
 10869 | Spider:1 | Entered Level 1 of the Spider Nest
 10911 | Spider:1 | Noticed PeterLawrence's ghost (experienced MiFi)
 10923 | Spider:2 | Noticed Wiglaf
 10969 | Spider:3 | Noticed Louise
 11012 | Spider:2 | Killed Wiglaf
 11098 | Spider:3 | Cast into the Abyss (Louise)
 11099 | Abyss:1  | Noticed a starcursed mass
 11099 | Abyss:1  | Noticed a balrug
 11113 | Spider:3 | Escaped the Abyss
 11140 | Spider:3 | Killed Louise
 11233 | Spider:3 | Received a gift from Trog
 11259 | Spider:3 | Reached skill level 18 in Armour
 11326 | Spider:3 | Reached XP level 17. HP: 117/152 MP: 0/21
 11519 | Spider:4 | Entered Level 4 of the Spider Nest
 11917 | Spider:4 | Reached skill level 15 in Fighting
 12060 | Spider:4 | Reached skill level 19 in Armour
 12152 | Spider:4 | Received a gift from Trog
 12153 | Spider:4 | Got a gossamer rune of Zot
 12315 | Spider:1 | Killed PeterLawrence's ghost
 12383 | Slime:1  | Entered Level 1 of the Pits of Slime
 12754 | Slime:5  | Gained mutation: Your magical capacity is low (-10% MP). [a shining eye]
 12841 | Slime:6  | Entered Level 6 of the Pits of Slime
 12866 | Slime:6  | Reached XP level 18. HP: 154/166 MP: 20/20
 12978 | Slime:5  | Reached skill level 20 in Armour
 13157 | Slime:6  | Found a viscous altar of Jiyva.
 13162 | Slime:6  | Noticed the royal jelly
 13221 | Slime:6  | Killed the royal jelly
 13254 | Slime:6  | Got a dazzling plate armour
 13269 | Slime:6  | Identified the Disquisition on Poisonous Transmigration (You found it on level 6 of the Pits of Slime)
 13304 | Slime:6  | Identified Esonk's Compendium of Toxins and Confrontation (You found it on level 6 of the Pits of Slime)
 13313 | Slime:6  | Got an ancient chain mail
 13366 | Slime:6  | Got a translucent jade ring
 13368 | Slime:6  | Paralysed by a great orb of eyes for 6 turns
 13385 | Slime:6  | Got a slimy rune of Zot
 13430 | Slime:6  | Identified the ring of Cuqympau {+Inv Str+7} (You found it on level 6 of the Pits of Slime)
 13570 | Lair:6   | Identified the +4 chain mail of Reatall {Regen+ Str+3 Int+3 Stlth-} (You found it on level 6 of the Pits of Slime)
 13580 | Lair:6   | Identified the +5 plate armour of Ryenoleo {rC+ SInv} (You found it on level 6 of the Pits of Slime)
 13734 | Lair:1   | Noticed Sonja
 13736 | Lair:1   | Killed Sonja
 13836 | Temple   | Entered the Ecumenical Temple
 13854 | Temple   | Fell from the grace of Trog
 13854 | Temple   | Became a worshipper of Zin the Law-Giver
 13854 | Temple   | Acquired Zin's first power
 13854 | Temple   | Acquired Zin's second power
 13859 | Temple   | Donated 703 gold pieces to Zin
 13860 | Temple   | Donated 351 gold pieces to Zin
 13861 | Temple   | Donated 176 gold pieces to Zin
 13885 | Temple   | Learned a level 6 spell: Haste
 13892 | D:7      | Acquired Zin's third power
 14043 | D:13     | Reached skill level 1 in Invocations
 14057 | D:13     | Noticed Maud
 14068 | D:13     | Killed Maud
 14068 | D:13     | Reached skill level 1 in Spellcasting
 14102 | D:13     | Noticed Frances
 14108 | D:13     | Killed Frances
 14117 | D:13     | Found a flickering gateway to a bazaar.
 14139 | Bazaar   | Entered a bazaar
 14170 | Bazaar   | Found Viepp's Food Boutique.
 14211 | Bazaar   | Found Peluk's Book Shoppe.
 14230 | Bazaar   | Bought a meat ration for 40 gold pieces
 14230 | Bazaar   | Bought a bread ration for 40 gold pieces
 14230 | Bazaar   | Bought a bread ration for 40 gold pieces
 14230 | Bazaar   | Bought a meat ration for 40 gold pieces
 14230 | Bazaar   | Bought a slice of pizza for 12 gold pieces
 14230 | Bazaar   | Bought a beef jerky for 12 gold pieces
 14367 | D:15     | Entered Level 15 of the Dungeon
 14413 | D:14     | Found a portal to a secret trove of treasure.
 14537 | D:14     | Found a gate to the Vaults.
 14567 | D:14     | Identified a scroll of acquirement
 14589 | Vaults:1 | Entered Level 1 of the Vaults
 14733 | Vaults:2 | Acquired Zin's fourth power
 14878 | Vaults:2 | Reached skill level 21 in Armour
 14892 | Vaults:2 | Reached skill level 5 in Invocations
 14922 | Vaults:2 | Reached XP level 19. HP: 56/177 MP: 21/21
 14956 | Vaults:2 | Found Rususaet's Armour Shop.
 15166 | Vaults:3 | You fall through a shaft!
 15569 | Vaults:3 | Noticed Jory
 15646 | Vaults:5 | Entered Level 5 of the Vaults
 15664 | Vaults:4 | Reached skill level 10 in Invocations
 15684 | Vaults:4 | Reached skill level 1 in Charms
 16259 | Vaults:4 | Reached skill level 5 in Spellcasting
 16332 | Vaults:4 | Reached XP level 20. HP: 173/187 MP: 24/24
 16444 | Vaults:5 | HP: 8/187 [vault warden/broad axe of freezing (20)]
 16445 | Vaults:5 | HP: 2/187 [shadow dragon (8)]
 16449 | Vaults:5 | Killed from afar by a shadow dragon

Vault maps used:
D:1:      nicolae_arrival_washed_ashore
D:2:      overflow_temple_1_default, nicolae_qazlal_general_emergency,
          lemuel_round_altar, ecumenical_altar_2, first_bread,
          grunt_dithmenos_smoke_and_mirrors
D:3:      old_standard_altar, fedhas_altar_2, gup_sewer_entry_spiral,
          minmay_misc_feat_four_crosses
D:4:      minmay_misc_feat_more_columns, nemelex_lonely_heart_becter
D:5:      overflow_temple_1_default, lightli_temple_of_fire,
          okawaru_altar_gauntlet_db, uniq_eustachio
D:6:      nicolae_overflow_crystal_walls, makhleb_blood_cavern_becter,
          lightli_ossuary_entry_decrepit_ruins, serial_shops, shop,
          supply_closet_lemuel
D:7:      lemuel_castle_with_subvaults, kiku_gazebo_garden_becter,
          minmay_temple_entry_from_below_a, serial_shops, shop, uniq_duvessa
D:8:      lair_0_dummy, uniq_erolcha, uniq_psyche
D:9:      vehumet_crystals, kennysheep_mini_moat, zombieorc1_lemuel,
          hangedman_tell_no_tales, uniq_pikel
D:10:     serial_corexii_hall, corexii_hall_statues_i, corexii_hall_statues_i
D:11:     lab_entry_generic, uniq_urug
D:12:     kennysheep_six_static_rooms, basic_altar
D:13:     serial_shops, bzr_entry_water, uniq_frances, uniq_maud
D:14:     grunt_vaults_entry_tiered, enter_trove_2, special_room,
          grunt_decor_one_mirror
D:15:     grunt_enter_depths_snipers, hex_tiny, serial_shops, shop
Temple:   temple_island_7
Lair:1:   nicolae_volcano_entry_hallway, minmay_stone_trees_medium,
          beast_lair_carwin_5, uniq_gastronok, uniq_nergalle, uniq_sonja
Lair:2:   grunt_megastairs_2, uniq_harold
Lair:3:   minmay_swamp_entry_reptiles, special_room, grunt_megastairs_3,
          infiniplex_staircase_pool_2
Lair:5:   minmay_lair_oklob_items, basic_altar
Lair:6:   spider_nest_entry_funnel_web, dpeg_slime_entry_enclosed_altar,
          special_room
Lair:7:   serial_bayou, serial_bayou_crossing, serial_bayou_lagoon_b,
          serial_bayou_pond_b, serial_bayou_pond_a
Lair:8:   hangedman_lair_in_review, guppyfry_lair_end_dragon, disabler_island
Swamp:1:  evilmike_swamp_ruin_rubble_2, swamp_pool1
Swamp:2:  evilmike_swamp_ruin_rubble_1, uniq_jorgrun
Swamp:3:  evilmike_swamp_ruin_house_3, uniq_aizul
Swamp:4:  swamp_vile
Spider:1: worms_lemuel
Spider:2: uniq_arachne, uniq_wiglaf
Spider:3: nicolae_spider_hall_of_the_moth_king, uniq_roxanne, uniq_louise
Spider:4: guppyfry_spider_rune
Orc:2:    serial_shops, nicolae_shop_temple_entry_statues_fountains,
          uniq_maurice, uniq_fannar
Orc:3:    nicolae_orc_pool_cavern, mines1_david, uniq_josephine, uniq_snorg
Orc:4:    grunt_orc_cross, serial_shops, bzr_entry_gold, elves_outpost_lemuel,
          uniq_donald
Vaults:1: dpeg_vaults_monster_row, vaults_room_grunt_arrival_ludios,
          st_octagons_2, hangedman_vaults_trim, v_misc_26, v_misc_4,
          vaults_mumra_chevron_long
Vaults:2: grunt_vaults_focal, nicolae_vaults_gold_heap, v_pattern_3,
          nicolae_vaults_big_angled_halls, vaults_mumra_minichess,
          vaults_dpeg_diagonal, ontoclasm_vaults_ring_small,
          nicolae_vaults_quartermaster, vaults_room_fours, vaults_room_hallway,
          vaults_room_boxed, v_alt_pattern_3, ontoclasm_vaults_eye,
          serial_shops, shop
Vaults:3: hangedman_vaults_slice, vaults_room_hangedman_quadrants,
          minmay_crypt_entry_simple_walls, nicolae_vaults_mini_display_case,
          ontoclasm_vaults_chip, v_rooms_3, v_misc_26,
          nicolae_vaults_sealed_display, mu_enter_wizlab_5, uniq_jory,
          uniq_xtahua
Vaults:4: nicolae_vaults_lopsided_apartments, ontoclasm_vaults_idyll, v_misc_17,
          nicolae_vaults_border_crossing, nicolae_vaults_twisting_passages,
          nicolae_vaults_little_squares_6, ontoclasm_vaults_chip,
          hangedman_vaults_stitches, ontoclasm_vaults_decontamination, v_rooms_6
Vaults:5: serial_shops
Abyss:1:  hangedman_abyss_feature_spike
Abyss:3:  bh_abyss_exit_choice
Abyss:4:  due_exit_kobolds, evilmike_abyss_rune_shrine,
          hangedman_abyss_river_spirits
Abyss:5:  guppyfry_abyss_exit_imp_island
Lab:      lab_statue, labyrinth_skeletal_remains, nicolae_lab_stuck,
          nicolae_lab_dead_end, nicolae_lab_lava, lab_block
Bazaar:   bazaar_short_row, bazaar_jpeg_circle_rare_5
Ossuary:  ossuary_tomb_3
Volcano:  volcano_caves

Action                   |  1- 3 |  4- 6 |  7- 9 | 10-12 | 13-15 | 16-18 | 19-21 || total
-------------------------+-------+-------+-------+-------+-------+-------+-------++-------
Melee: Hand axe          |    49 |    64 |   134 |       |       |       |       ||   247
       Battleaxe         |       |       |    11 |   267 |       |       |       ||   278
       Eveningstar       |       |       |       |   230 |   894 |  1342 |   582 ||  3048
Invok: Berserk           |     3 |     4 |     9 |    12 |       |     4 |       ||    32
       Trog's Hand       |       |     4 |    16 |    20 |    18 |    24 |       ||    82
       Brothers in Arms  |       |       |       |     7 |     3 |     6 |       ||    16
       Donate Gold       |       |       |       |       |       |     3 |       ||     3
       Recite            |       |       |       |       |       |     1 |     1 ||     2
       Vitalisation      |       |       |       |       |       |       |     9 ||     9
       Sanctuary         |       |       |       |       |       |       |     1 ||     1
 Abil: Evoke Flight      |       |       |       |       |     1 |     2 |       ||     3
       Evoke Teleportati |       |       |       |       |       |     9 |     6 ||    15
       Stop Flying       |       |       |       |       |       |     2 |       ||     2
Evoke: Wand              |       |       |       |       |     1 |    15 |       ||    16
       Phial of floods   |       |       |       |       |     1 |     2 |       ||     3
  Use: Potion            |     1 |       |     1 |     3 |     3 |    10 |     4 ||    22
       Scroll            |       |     2 |     3 |     8 |    20 |    10 |     2 ||    45
  Eat: Chunk             |     1 |     6 |     8 |    22 |    15 |    18 |       ||    70
       Fruit             |       |       |     2 |       |     1 |     4 |       ||     7
       Bread ration      |       |       |     1 |     2 |       |     1 |       ||     4
       Meat ration       |       |       |       |     1 |     1 |     2 |     2 ||     6
       Royal jelly       |       |       |       |       |     1 |     1 |       ||     2
       Beef jerky        |       |       |       |       |     1 |     2 |       ||     3
       Pizza             |       |       |       |       |       |     1 |     2 ||     3
